AoeStats
← Křovák

Arena

506409137Analyzed
1v1 RM · 20d ago on Sep 13, 2026· 72m 0s· 2 players
Game mode
Random Map
Map size
Tiny (2 player)
Population
200
Speed
Normal
Resources
Standard
Victory
Conquest
Starting age
Dark Age
Ending age
Imperial Age
RankedLock teamsTeams togetherTeam positionsShared explorationLock speedFull tech treeHidden civsTurbo modeCheats
Victory
Defeat
🇵🇪 Spanish · Peru
770
+17
🇨🇿 Byzantines · Czechia
788
-17
Elcondedelafere
5:53 Loom
11:28 Feudal Age
16:26 Castle Age
15:15 Stone Mining
15:27 Double-Bit Axe
20:01 Horse Collar
28:17 Wheelbarrow
29:15 Fletching
32:26 Imperial Age
31:29 Bloodlines
32:50 Ballistics
32:40 Masonry
33:07 Heavy Plow
33:41 Husbandry
33:02 Cavalier
35:04 Chemistry
34:16 Masonry
35:01 Conscription
36:07 Hand Cart
36:18 Bow Saw
37:10 Scale Barding Armor
37:16 Forging
37:01 Bodkin Arrow
41:32 Architecture
40:58 Murder Holes
41:43 Elite Conquistador
41:54 Elite Skirmisher
43:11 Chain Barding Armor
43:27 Iron Casting
42:53 Bracer
42:53 Padded Archer Armor
42:54 Scale Mail Armor
43:41 Stone Shaft Mining
42:57 Gold Mining
46:11 Paladin
54:19 Pikeman
54:59 Squires
54:45 Arson
54:47 Gambesons
56:29 Halberdier
63:59 Plate Barding Armor
63:39 Chain Mail Armor
63:40 Leather Archer Armor
64:26 Blast Furnace
63:39 Fortified Wall
69:42 Bombard Tower
Křovák
8:00 Loom
11:04 Feudal Age
13:10 Double-Bit Axe
15:28 Castle Age
14:06 Horse Collar
22:56 Heavy Plow
24:45 Bow Saw
29:14 Imperial Age
30:33 Wheelbarrow
29:54 Fletching
33:08 Two-Man Saw
32:09 Bodkin Arrow
32:14 Padded Archer Armor
33:14 Bracer
34:23 Pikeman
35:03 Squires
36:00 Scale Mail Armor
37:01 Ballistics
36:37 Murder Holes
38:44 Forging
39:19 Halberdier
42:05 Chemistry
41:15 Fortified Wall
41:25 Gold Mining
41:25 Stone Mining
44:07 Chain Mail Armor
44:28 Iron Casting
47:36 Plate Mail Armor
52:15 Scale Barding Armor
53:06 Heavy Camel Rider
55:06 Chain Barding Armor
63:02 Elite Skirmisher
69:12 Leather Archer Armor
Connection lost

Rejoining the realm…

Still unreachable

The connection could not be restored.

Session expired

The server has moved on; the page needs a fresh start.